 Dungeon Crawl Stone Soup version 0.31-a0-44-g49d609d0da (webtiles) character file.

Game seed: 6711464827571900280

1894 pk666 the Magician (level 8, -2/41 HPs)
             Began as a Deep Elf Fire Elementalist on May 21, 2023.
             Slain by a spectral wyvern (9 damage)
             ... on level 6 of the Dungeon.
             The game lasted 00:06:54 (6830 turns).

pk666 the Magician (Deep Elf Fire Elementalist)     Turns: 6830, Time: 00:06:54

Health: -2/41      AC:  3    Str:  5    XL:     8   Next: 93%
Magic:  10/21      EV: 17    Int: 23    God:
Gold:   372        SH:  0    Dex: 21    Spells: 15/22 levels left

rFire   + . .        q - staff of fire
rCold   . . .        (no shield)
rNeg    . . .        a - +0 robe
rPois   .            (no helmet)
rElec   .            t - +0 cloak
rCorr   .            (no gloves)
SInv    .            (no boots)
Will    .....        (no amulet)
Stlth   ++           v - +6 ring of dexterity
HPRegen 0.26/turn    (no ring)
MPRegen 0.17/turn

%: no passive effects
@: no status effects
A: no striking features
a: no special abilities


You were on level 6 of the Dungeon.
You visited 2 branches of the dungeon, and saw 7 of its levels.

You collected 372 gold pieces.

Inventory:

Hand Weapons
 s - the +1 dagger "Ohitsaqosm" {freeze, rF- Str+4 SInv}
   (You found it on level 3 of the Dungeon)

   Str:       It affects your strength (+4).
   rF:        It makes you vulnerable to fire.
   SInv:      It lets you see invisible.
Armour
 a - a +0 robe (worn)
 t - a +0 cloak (worn)
Magical Staves
 q - a staff of fire (weapon)
Jewellery
 u - the ring "Hewo" {rElec EV+5 Int-3 Dex+2}
   (You found it on level 4 of the Dungeon)

   [ring of evasion]

   EV:        It affects your evasion (+5).
   Int:       It affects your intelligence (-3).
   Dex:       It affects your dexterity (+2).
   rElec:     It insulates you from electricity.
 v - a +6 ring of dexterity (left hand)
Scrolls
 c - 2 scrolls of teleportation {unknown}
 d - a scroll of torment {unknown}
 f - a scroll of vulnerability {unknown}
 h - 9 scrolls of identify {unknown}
 j - 3 scrolls of fear {unknown}
 l - 2 scrolls of enchant armour {unknown}
 n - 3 scrolls of magic mapping {unknown}
 o - 3 scrolls of fog {unknown}
 p - a scroll of amnesia {unknown}
 r - a scroll of silence {unknown}
 w - a scroll of acquirement {unknown}
 y - a scroll of poison {unknown}
 z - a scroll of blinking {unknown}
 A - a scroll of immolation {unknown}
Potions
 e - 2 potions of mutation {unknown}
 g - 2 potions of invisibility {unknown}
 i - 3 potions of brilliance {unknown}
 k - 3 potions of flight {unknown}
 m - 3 potions of ambrosia {unknown}
 x - a potion of resistance
 B - a potion of attraction {unknown}
 C - a potion of heal wounds {unknown}


   Skills:
 + Level 6.9 Dodging
 - Level 2.4 Stealth
 + Level 7.6 Spellcasting
 * Level 7.4 Conjurations
 + Level 6.8 Fire Magic


You had 15 spell levels left.
You knew the following spells:

 Your Spells              Type           Power      Damage    Failure   Level
a - Foxfire               Conj/Fire      100%       2x1d9     1%          1
b - Scorch                Fire           100%       2d9       1%          2
c - Flame Wave            Conj/Fire      58%        2d14      3%          4

Your spell library contained the following spells:

 Spells                   Type           Power      Damage    Failure   Level
 Momentum Strike          Conj/Tloc      50%        3d9       2%          2
 Sticky Flame             Conj/Fire      58%        2d7       3%          4
 Inner Flame              Hex/Fire       36%        N/A       5%          3
 Volatile Blastmotes      Fire/Tloc      72%        2d16      5%          3
 Blink                    Tloc           16%        N/A       11%         2
 Lesser Beckoning         Tloc           16%        N/A       11%         2


Dungeon Overview and Level Annotations

Branches:
Dungeon (6/15)             Temple (1/1) D:5

Altars:
Ashenzari
Cheibriados
Gozag
Nemelex Xobeh
Okawaru
Qazlal
Ru
Trog
Uskayaw
Xom
Yredelemnul
The Shining One
Lugonu

Shops:
D:1 (   D:4 (


Message History

* * * LOW HITPOINT WARNING * * *
Casting: Flame Wave (dangerous; 4% risk of failure)
Confirm with . or Enter, or press ? or * to list all spells.
Casting: Flame Wave (dangerous; 4% risk of failure)
Press: ? - help, Dir - look around, f - activate You feel a surge of power!
A wave of flame ripples out!
The flame wave engulfs the spectral wyvern!
You destroy the spectral wyvern! (Press . to intensify the flame waves.)
Your life force feels restored.
A wave of flame ripples out!
The flame wave engulfs the phantom!
The phantom is severely damaged.
The flame wave engulfs the necrophage!
The necrophage is heavily damaged.
The phantom closely misses you.
A wave of flame ripples out!
The flame wave engulfs the phantom!
You destroy the phantom!
The flame wave engulfs the necrophage!
The necrophage is almost destroyed.
The flame wave engulfs the wight!
The wight is almost destroyed.
You finish channelling waves of flame.
A wight comes into view. It is wielding a +0 short sword.
The necrophage closely misses you.
Casting: Flame Wave (dangerous; 4% risk of failure)
Confirm with . or Enter, or press ? or * to list all spells.
Casting: Flame Wave (dangerous; 4% risk of failure)
Press: ? - help, Dir - look around, f - activate You feel a surge of power!
A wave of flame ripples out!
The flame wave engulfs the necrophage!
You destroy the necrophage! (Press . to intensify the flame waves.)
A wave of flame ripples out!
The flame wave engulfs the wight!
You destroy the wight!
A wave of flame ripples out!
The flame wave engulfs the spectral wyvern!
The spectral wyvern is heavily damaged.
You finish channelling waves of flame.
The spectral wyvern misses you. The spectral wyvern bites you!
You die...

#......####....#
#......# #.....
#......# #...#. ###
#......# #..... ..#
#......# #.#... #.#
#......# #..... #.#
###### #......#
###### #.#
♣.).z#####......# #
#.♣
PPP...#...Z@.......#
♣♣♣


zZ..P ############## .PPP ♣♣♣ You could see a spectral wyvern and a wight.

Vanquished Creatures
  Sigmund (D:3)
  A water moccasin (D:6)
  An ice beast (D:5)
  3 ogres (D:6)
  3 phantoms
  A necrophage (D:6)
  A spectral wyvern (D:6)
  2 water moccasin zombies (D:5)
  A scorpion (D:6)
  3 wights (D:6)
  A gnoll bouda (D:6)
  A hound (D:5)
  A jelly (D:6)
  2 orc priests (D:6)
  A bullfrog skeleton (D:6)
  An iguana (D:6)
  A scorpion zombie (D:5)
  4 orc wizards
  A hound zombie (D:5)
  A howler monkey zombie (D:5)
  13 adders
  3 gnolls (D:6)
  A white imp (D:6)
  An ufetubus (D:5)
  2 worms
  5 dart slugs
  10 orcs
  11 ball pythons
  5 endoplasms
  2 giant cockroaches
  8 hobgoblins
  2 jackals (D:3)
  3 quokkas
  3 bats
  2 frilled lizards
  8 goblins
  7 kobolds
  5 rats
122 creatures vanquished.

Vanquished Creatures (collateral kills)
  2 foxfires (D:2)
2 creatures vanquished.

Vanquished Creatures (others)
  471 foxfires
471 creatures vanquished.

Grand Total: 595 creatures vanquished

Notes
Turn   | Place    | Note
-------+----------+-------------------------------------------
     0 | D:1      | pk666 the Deep Elf Fire Elementalist began the quest for
                  | the Orb.
     0 | D:1      | Reached XP level 1. HP: 10/10 MP: 6/6
   196 | D:1      | Found Vonesele's Antique Weapon Boutique.
   661 | D:1      | Reached XP level 2. HP: 15/15 MP: 5/8
   664 | D:1      | Learned a level 2 spell: Scorch
   889 | D:1      | Found a faded altar of an unknown god.
  1502 | D:2      | Found a stormy altar of Qazlal.
  1557 | D:2      | Reached XP level 3. HP: 18/19 MP: 5/10
  2431 | D:3      | Reached XP level 4. HP: 24/24 MP: 5/11
  2789 | D:3      | Identified the +1 dagger "Ohitsaqosm" {freeze, rF- Str+4
                  | SInv}
  3018 | D:3      | Noticed Sigmund
  3026 | D:3      | Killed Sigmund
  3027 | D:3      | Reached XP level 5. HP: 11/28 MP: 5/14
  3027 | D:3      | Reached XP level 6. HP: 12/32 MP: 5/15
  3829 | D:4      | Reached skill level 5 in Spellcasting
  3914 | D:4      | Identified the ring "Hewo" {rElec EV+5 Int-3 Dex+2}
  4359 | D:4      | Reached skill level 5 in Fire Magic
  4423 | D:4      | Found Sorphogg's Antique Weapon Emporium.
  4695 | D:5      | Entered Level 5 of the Dungeon
  4711 | D:5      | Noticed an ice beast
  4719 | D:5      | Killed an ice beast
  4720 | D:5      | Reached skill level 5 in Dodging
  4720 | D:5      | Reached XP level 7. HP: 36/36 MP: 8/17
  4858 | D:5      | Learned a level 4 spell: Flame Wave
  5478 | D:5      | Found a staircase to the Ecumenical Temple.
  5484 | Temple   | Entered the Ecumenical Temple
  5646 | D:5      | Reached skill level 5 in Conjurations
  5788 | D:5      | Found a basalt altar of Yredelemnul.
  5956 | D:6      | Reached XP level 8. HP: 28/41 MP: 10/19
  6685 | D:6      | Found a bloodstained altar of Trog.
  6830 | D:6      | Slain by a spectral wyvern

Illustrated notes

Levels and vault maps discovered:
D:1:      minmay_arrival_up_and_down, layout_rooms,
          shapermc_ecumenical_altar_notcrosses, serial_shops,
          nicolae_shop_just_a_little_nook, minmay_door_square, solitary_fountain
D:2:      layout_loops_ring, basic_altar, kennysheep_small_spiral,
          uniq_crazy_yiuf_cottage
D:3:      layout_basic, uniq_sigmund
D:4:      layout_cave_pools, serial_shops, shop, nicolae_hexahallways
D:5:      layout_gridville, nicolae_yredelemnul_corpse_copse,
          minmay_temple_entry_nine_rooms
D:6:      layout_basic, lemuel_coloured_pillars_altar,
          lightli_ossuary_entry_decrepit_ruins, dilly_guarded_unrand_morg
Temple:   corrupted_temple

Skill      XL: |  1  2  3  4  5  6  7  8 |
---------------+-------------------------+-----
Dodging        | 3 4 5 6 |  6.9
Conjurations   | 2 3 4 5 7 |  7.4
Spellcasting   | 4 5 6 7 |  7.6
Fire Magic     | 4 5 6 |  6.8
Stealth        | |  2.4

Action                     |  1- 3 |  4- 6 |  7- 9 || total
---------------------------+-------+-------+-------++-------
  Melee: Staff             |       |       |     1 ||     1
   Cast: Foxfire           |   107 |    97 |    79 ||   283
         Scorch            |     2 |    13 |    33 ||    48
         Flame Wave        |       |       |     3 ||     3
    Use: Potion            |       |       |     1 ||     1
 Armour: Robe              |     2 |       |     4 ||     6
  Dodge: Dodged            |     7 |    13 |    22 ||    42

Table legend: (Time is in decaauts)
 A = Elapsed time spent in this place.
 B = Non-inter-level travel time spent in this place.
 C = Inter-level travel time spent in this place.
 D = Time resting spent in this place.
 E = Time spent auto-exploring this place.
 F = Levels seen in this place.
 G = Mean time per level.
                   A        B        C        D        E       F      G
               +--------+--------+--------+--------+--------+-----+--------+
         Total |   6830 |   6592 |    238 |    375 |   5314 |   7 |  975.7 |
       Dungeon |   6787 |   6563 |    224 |    375 |   5292 |   6 | 1131.2 |
        Temple |     43 |     29 |     14 |      0 |     21 |   1 |   43.0 |
               +--------+--------+--------+--------+--------+-----+--------+

Top non-repeatable levels by time:
     D:2: 1348 daAuts
     D:3: 1241 daAuts
     D:5: 1166 daAuts
     D:1: 1093 daAuts
     D:4: 1011 daAuts
     D:6: 925 daAuts
  Temple: 43 daAuts
